 Dungeon Crawl Stone Soup version 0.31.0-12-g77e489cdc1 (webtiles) character file.

Game seed: 6359672592580287551

1457 ZulixFane the Changeling (level 8, -3/57 HPs)
             Began as an Octopode Shapeshifter on Mar 7, 2024.
             Was an Initiate of Gozag.
             Slain by a hornet (13 damage)
             ... on level 7 of the Dungeon.
             The game lasted 00:10:42 (5786 turns).

ZulixFane the Changeling (Octopode Shapeshifter)    Turns: 5786, Time: 00:10:44

Health: -3/57      AC:  1    Str: 13    XL:     8   Next: 76%
Magic:  8/8        EV: 18    Int: 13    God:    Gozag
Gold:   464        SH:  0    Dex: 13    Spells: 7/7 levels left

rFire   . .          .
                       - Unarmed
rCold   . . .        (no shield)
rNeg    . . .        (helmet currently unavailable)
rPois   .            l - amulet of regeneration
rElec   .            R - ring of resist corrosion
rCorr   +            E - +5 ring of evasion
SInv    +            v - ring of see invisible
Will    .....        (no ring)
Stlth   +++          (no ring)
HPRegen 1.09/turn    (no ring)
MPRegen 0.11/turn    (no ring)
                     (no ring)

%: no passive effects
@: lethally poisoned (-3 -> -4), beast-form, slowed, studying Short Blades, very
slow
A: beast (slay +3), almost no armour, amphibious, 8 rings, camouflage 1,
gelatinous body 1, (nimble swimmer 1), tentacles
a: Begin Untransformation, Renounce Religion, Potion Petition, Call Merchant,
Bribe Branch


You were on level 7 of the Dungeon.
You worshipped Gozag.
Gozag was aware of your devotion.
You were a hulking beast.
You visited 2 branches of the dungeon, and saw 8 of its levels.

You collected 506 gold pieces.
You paid 42 gold pieces to Gozag.


Innate Abilities, Weirdness & Mutations

You are a hulking beast.
Your limbs bulge with bestial killing power. (Slay +3)
You cannot wear most types of armour.
You are amphibious.
You can wear up to eight rings at the same time.
Your skin changes colour to match your surroundings (Stealth+).
Your rubbery body absorbs attacks. (AC +1, EV +1)
((You are camouflaged when in or above water. (Stealth+)))
You have tentacles for arms and can constrict up to eight enemies at once.


   Skills:
 - Level 6.0 Fighting
 - Level 3.0 Dodging
 - Level 2.0 Stealth
 - Level 6.0 Unarmed Combat
 + Level 6.5 Shapeshifting


You had 7 spell levels left.
You didn't know any spells.
Your spell library contained the following spells:

 Spells                   Type           Power      Damage    Failure   Level
 Magic Dart               Conj           0%         1d3       30%         1
 Shock                    Conj/Air       0%         1d3       30%         1
 Blink                    Tloc           0%         N/A       43%         2
 Call Imp                 Summ           0%         N/A       43%         2
 Gell's Gravitas          Tloc           0%         N/A       67%         3
 Stone Arrow              Conj/Erth      0%         3d7       67%         3
 Swiftness                Air            0%         N/A       67%         3
 Teleport Other           Tloc           0%         N/A       67%         3
 Airstrike                Air            0%         2d(0-16)  97%         4
 Dispersal                Tloc           0%         N/A       100%        6
 Lehudib's Crystal Spear  Conj/Erth      0%         10d2      100%        8
 Animate Armour           Summ/Erth      Unusable   N/A       N/A         4

Inventory:

Missiles
 h - 13 poisoned darts (quivered)
Jewellery
 l - an amulet of regeneration (around mantle)
 v - a ring of see invisible (on tentacle)
 E - a +5 ring of evasion (right tentacle)
 R - a ring of resist corrosion (left tentacle)
Talismans
 b - a beast talisman
 c - a flux talisman
 k - a maw talisman
Wands
 p - a wand of iceblast (5)
 q - a wand of charming (5)
 s - a wand of mindburst (9)
Scrolls
 g - a scroll of vulnerability {unknown}
 i - 3 scrolls of teleportation {@r2}
 o - a scroll of fog
 t - 4 scrolls of identify {unknown}
Potions
 a - a potion of lignification
 d - 2 potions of mutation {unknown}
 e - 3 potions of curing {unknown}
 f - a potion of heal wounds {unknown}
 j - a potion of haste {unknown}
 m - a potion of enlightenment {unknown}
 n - 2 potions of cancellation {unknown}
 r - a potion of magic {unknown}

Dungeon Overview and Level Annotations

Branches:
Dungeon (6/15)             Temple (1/1) D:4

Altars:
Cheibriados
Elyvilon
Fedhas
Gozag
Hepliaklqana
Makhleb
Nemelex Xobeh
Okawaru
Sif Muna
Vehumet
Wu Jian
Yredelemnul

Annotations:
D:3 3 runed translucent doors, seawaffle's ghost, amateur OpSh
D:5 1 runed translucent door, Crazy Yiuf

########## #........#
#####........#########..
....'........'..>.......
#.###........###.####...
#.# #........# #.# #.#
#........###.###### #.#
#.................# #.#
#####+######h####.# #.#
#y# #.# ... #.# .....
#.# ...(... #.#
####+#... #.# .... #.#
..... #.#


You could see a hornet.


Message History

Press: ? - help, Shift-Dir - straight line, f/p - hornet
Aim: a hornet (heavily wounded, poisoned, chance to affect: 55%)
The hornet resists with significant effort.
The hornet looks more healthy.
The hornet stings you!
You are poisoned.
You feel as though you will be slow longer.
The hornet stings you.
* * * LOW HITPOINT WARNING * * *
You suddenly lose the ability to move!
You can move again.
Aiming: Mindburst
Press: ? - help, Shift-Dir - straight line, f/p - hornet
Aim: a hornet (heavily wounded, chance to affect: 55%)
The hornet's mind is blasted!
You feel very sick. The hornet misses you. The hornet barely misses you.
The hornet stings you!
* * * LOW HITPOINT WARNING * * *
You feel as though you will be slow longer.
Aiming: Mindburst
Press: ? - help, Shift-Dir - straight line, f/p - hornet
Aim: a hornet (almost dead, chance to affect: 55%)
The hornet resists with significant effort.
You feel sick. The hornet barely misses you. x2
Aiming: Mindburst
Press: ? - help, Shift-Dir - straight line, f/p - hornet
Aim: a hornet (almost dead, chance to affect: 55%)
The hornet resists with significant effort.
You feel sick. The hornet stings you!
You die...
Your body crumbles into a pile of gold.

Skill      XL: |  1  2  3  4  5  6  7  8 |
---------------+-------------------------+-----
Fighting       | 2 3 4 5 6 |  6.0
Stealth        | 2 |  2.0
Unarmed Combat | 4 5 6 |  6.0
Dodging        | 3 |  3.0
Shapeshifting  | 6 |  6.5

Action                     |  1- 3 |  4- 6 |  7- 9 || total
---------------------------+-------+-------+-------++-------
  Melee: Unarmed           |    68 |   100 |   138 ||   306
         Constrict         |    13 |    28 |    28 ||    69
         Tentacles         |     9 |    21 |    38 ||    68
         Punch             |     1 |     7 |     5 ||    13
  Throw: Dart              |       |     5 |    12 ||    17
  Evoke: Wand              |       |       |     5 ||     5
    Use: Scroll            |       |     2 |     1 ||     3
         Potion            |       |       |     2 ||     2
   Stab: Sleeping          |     8 |    12 |     6 ||    26
 Armour: Skin              |    31 |    36 |    78 ||   145
  Dodge: Dodged            |    54 |    55 |    85 ||   194

Levels and vault maps discovered:
D:1:      mrwooster_arrival_statue_3, layout_basic, nicolae_grassy_gnolls
D:2:      layout_rooms, minmay_between
D:3:      layout_loops_ring, nicolae_yredelemnul_ghost_church,
          nicolae_elyvilon_temple_path, minivault_19
D:4:      layout_gridville, okawaru_ov_weapons_minmay, temple_fountains,
          minmay_manual_maat, uniq_ijyb, uniq_blork_the_orc
D:5:      layout_cave_pools, kennysheep_mini, uniq_crazy_yiuf_cottage
D:6:      layout_cave_pods, grunt_temple_overflow_order_and_chaos_1,
          nicolae_ru_great_annihilating_truth, general_overflow_altar,
          uniq_eustachio, uniq_grinder
D:7:      layout_basic, nicolae_qazlal_general_emergency, trog_butcher_becter,
          uniq_maggie
Temple:   hellmonk_temple_forest_ring

Notes
Turn   | Place    | Note
-------+----------+-------------------------------------------
     0 | D:1      | ZulixFane the Octopode Shapeshifter began the quest for the
                  | Orb.
     0 | D:1      | Reached XP level 1. HP: 13/13 MP: 1/1
   107 | D:1      | Reached skill level 2 in Fighting
   107 | D:1      | Reached XP level 2. HP: 19/19 MP: 2/2
   335 | D:1      | Reached XP level 3. HP: 25/25 MP: 3/3
   382 | D:1      | Reached skill level 3 in Fighting
   468 | D:1      | Reached skill level 1 in Stealth
  1120 | D:2      | Reached skill level 2 in Stealth
  1311 | D:2      | Reached XP level 4. HP: 10/31 MP: 4/4
  1318 | D:2      | HP: 3/31 [poisoned by an adder]
  1740 | D:2      | Reached skill level 4 in Fighting
  1749 | D:2      | Reached XP level 5. HP: 19/37 MP: 5/5
  2263 | D:3      | Found a white marble altar of Elyvilon.
  2690 | D:3      | Found a runed translucent gate.
  2690 | D:3      | Found a runed translucent gate.
  2690 | D:3      | Found a runed translucent gate.
  2690 | D:3      | Noticed seawaffle's ghost (amateur OpSh)
  2692 | D:3      | Found a basalt altar of Yredelemnul.
  2696 | D:3      | Reached skill level 4 in Unarmed Combat
  3167 | D:4      | Found an iron altar of Okawaru.
  3193 | D:4      | Reached XP level 6. HP: 43/43 MP: 6/6
  3255 | D:4      | Noticed Blork the orc
  3257 | D:4      | Reached skill level 3 in Dodging
  3285 | D:4      | Killed Blork the orc
  3286 | D:4      | Reached skill level 5 in Fighting
  3406 | D:4      | Reached skill level 5 in Unarmed Combat
  3406 | D:4      | Reached XP level 7. HP: 37/50 MP: 7/7
  3636 | D:4      | Noticed Ijyb
  3643 | D:4      | Found a staircase to the Ecumenical Temple.
  3664 | D:4      | Killed Ijyb
  3678 | D:4      | Reached skill level 6 in Fighting
  3831 | Temple   | Entered the Ecumenical Temple
  3842 | Temple   | Became a worshipper of Gozag Ym Sagoz the Greedy
  4288 | D:5      | Entered Level 5 of the Dungeon
  4325 | D:5      | Reached skill level 6 in Unarmed Combat
  4335 | D:5      | Reached XP level 8. HP: 57/57 MP: 8/8
  4469 | D:5      | HP: 4/85 [gnoll sergeant/+0 spear (5)]
  4474 | D:5      | Reached skill level 4 in Shapeshifting
  4886 | D:5      | Found an ornate altar of the Wu Jian Council.
  4911 | D:5      | Reached skill level 5 in Shapeshifting
  5251 | D:5      | Found a runed translucent door.
  5252 | D:5      | Noticed Crazy Yiuf
  5285 | D:5      | Reached skill level 6 in Shapeshifting
  5526 | D:6      | Killed a wyvern
  5651 | D:6      | You fall into a shaft and drop 1 floor!
  5777 | D:7      | Noticed a hornet
  5783 | D:7      | Paralysed by a hornet for 1 turns
  5786 | D:7      | Slain by a hornet

Vanquished Creatures
  A black bear (D:5)
  2 ogres (D:5)
  A centaur (D:4)
  3 phantoms
  A gnoll sergeant (D:5)
  Blork the orc (D:4)
  2 scorpions
  A bombardier beetle (D:5)
  A gnoll bouda (D:4)
  An orc priest (D:5)
  A hound (D:3)
  A scorpion zombie (D:3)
  7 iguanas
  A sleepcap (D:4)
  Ijyb (D:4)
  13 gnolls
  6 adders
  A dart slug (D:2)
  4 ribbon worms
  7 orcs
  4 ball pythons
  9 endoplasms
  4 giant cockroaches
  10 goblins
  12 hobgoblins
  4 jackals (D:4)
  4 quokkas
  3 bats
  4 frilled lizards
  8 kobolds
  A quokka zombie (D:3)
  3 rats
122 creatures vanquished.

Vanquished Creatures (others)
  A wyvern (D:6)
1 creature vanquished.

Grand Total: 123 creatures vanquished

Table legend: (Time is in decaauts)
 A = Elapsed time spent in this place.
 B = Non-inter-level travel time spent in this place.
 C = Inter-level travel time spent in this place.
 D = Time resting spent in this place.
 E = Time spent auto-exploring this place.
 F = Levels seen in this place.
 G = Mean time per level.
                   A        B        C        D        E       F      G
               +--------+--------+--------+--------+--------+-----+--------+
         Total |   5760 |   5523 |    237 |   1427 |   3073 |   8 |  720.0 |
       Dungeon |   5737 |   5522 |    215 |   1427 |   3073 |   7 |  819.6 |
        Temple |     22 |      1 |     21 |      0 |      0 |   1 |   22.0 |
               +--------+--------+--------+--------+--------+-----+--------+

Top non-repeatable levels by time:
     D:4: 1351 daAuts
     D:2: 1132 daAuts
     D:1: 1106 daAuts
     D:5: 1059 daAuts
     D:3: 822 daAuts
     D:7: 136 daAuts
     D:6: 128 daAuts
  Temple: 22 daAuts

Table legend:
 A = Non-vault XP
 B = Vault XP
 C = Vault XP percentage of total XP
 D = Non-vault monster count
 E = Vault monster count
 F = Vault count percentage of total count
                 A         B        C        D         E       F
            +---------+---------+-------+---------+---------+-------
      Total |    1560 |     522 |  25.1 |     106 |      16 |  13.1
            +---------+---------+-------+---------+---------+-------
        D:1 |      40 |      14 |  25.9 |      23 |       1 |   4.2
        D:2 |     110 |      10 |   8.3 |      21 |       5 |  19.2
        D:3 |      58 |      39 |  40.2 |      11 |       2 |  15.4
        D:4 |     285 |     459 |  61.7 |      28 |       8 |  22.2
        D:5 |    1031 |       0 |   0.0 |      22 |       0 |   0.0
        D:7 |      36 |       0 |   0.0 |       1 |       0 |   0.0
            +---------+---------+-------+---------+---------+-------
